 Dungeon Crawl Stone Soup version 0.18.1-8-gdd0e5ea (webtiles) character file.

2287 urechis the Martial Artist (level 9, -4/48 HPs)
             Began as a Vine Stalker Monk on May 28, 2016.
             Shot with an arrow by a centaur (12 damage)
             ... on level 7 of the Dungeon.
             The game lasted 00:13:37 (6159 turns).

urechis the Martial Artist (Vine Stalker Monk)      Turns: 6159, Time: 00:13:38

Health: -4/48      AC:  5    Str: 10 (13) XL:     9   Next: 39%
Magic:  0/10       EV: 17    Int:  8 (10) God:
Gold:   437        SH:  0    Dex: 22 (24) Spells: 0 memorised, 8 levels left

rFire  . . .     SeeInvis .       - Unarmed
rCold  . . .     Gourm    .     a - +0 robe
rNeg   . . .     Faith    .     (no shield)
rPois  +         Spirit   +     (no helmet)
rElec  .         Dismiss  .     x - +1 cloak
rCorr  .         Reflect  .     (no gloves)
SustAt .         Harm     .     h - +0 pair of boots
MR     +....                    A - amulet of magic regeneration
Stlth  +++.......               s - ring of poison resistance
                                v - +3 ring of dexterity

@: very slightly contaminated, hasted, very quick, somewhat resistant to hostile
enchantments, fairly stealthy
A: fangs 3, regeneration 2, magic shield, antimagic bite, no device heal 3, rot
immunity
a: no special abilities


You were on level 7 of the Dungeon.
You were very hungry.

You visited 1 branch of the dungeon, and saw 7 of its levels.
You also visited: Ossuary.

You collected 437 gold pieces.

Inventory:

Armour
 a - a +0 robe (worn)
 h - a +0 pair of boots (worn)
 x - a +1 cloak (worn)
Jewellery
 s - a ring of poison resistance (right hand)
 v - a +3 ring of dexterity (left hand)
 A - an amulet of magic regeneration (around neck)
Scrolls
 d - 3 scrolls of recharging
 i - 2 scrolls of blinking
 l - 8 scrolls of remove curse
 o - 7 scrolls of identify
 p - 3 scrolls of teleportation
 u - 2 scrolls of amnesia
 z - a scroll of magic mapping
Potions
 c - a potion of berserk rage
 g - 2 potions of ambrosia
 j - a potion of brilliance
 k - 3 potions of agility
 m - 6 potions of curing
 t - a potion of cure mutation
Books
 w - a book of Battle

   Spells                             Type                      Level
   a - Infusion                       Charms                       1
   b - Shroud of Golubria             Charms/Translocation         2
   c - Song of Slaying                Charms                       2
   d - Spectral Weapon                Hexes/Charms                 3
   e - Regeneration                   Charms/Necromancy            3
Comestibles
 b - 4 bread rations
 n - a slice of pizza
 r - 4 meat rations
 E - a royal jelly


   Skills:
 + Level 6.0 Fighting
 + Level 5.4 Dodging
 - Level 2.4 Stealth
 - Level 10.0 Unarmed Combat


You had 8 spell levels left.
You didn't know any spells.

Dungeon Overview and Level Annotations

Branches:
Dungeon (7/15)             Temple (0/1) D:4

Altars:
Cheibriados
Makhleb
Ru
Xom
Yredelemnul
Zin


Innate Abilities, Weirdness & Mutations

You have razor-sharp teeth.
You heal very quickly.
When hurt, damage is shared between your health and your magic reserves.
Your bite disrupts and absorbs the magic of your enemies.
Potions and wands cannot restore your health.
You are immune to rotting.


Message History

The centaur barely misses you. The centaur zombie misses you.
You punch the centaur! You bite the centaur. You drain its power.
You feel invigorated.
The centaur is heavily wounded.
The centaur hits you.
* * * LOW HITPOINT WARNING * * *
You hit the centaur. You bite the centaur, but do no damage.
The centaur is heavily wounded.
The centaur zombie hits you.
* * * LOW HITPOINT WARNING * * *
The scorpion stings you.
* * * LOW HITPOINT WARNING * * *
The centaur hits you!
* * * LOW HITPOINT WARNING * * *
The jelly hits you but does no damage.
The centaur wields an uncursed shortbow.
The centaur shoots an arrow.
The arrow misses you.
The centaur shoots an arrow.
The arrow completely misses you.
The centaur shoots an arrow.
The arrow hits you!
You die...

..............$...#
................(.##
...................#
...........c..(....#
...................#
#.........ZJ(........#
#.........s.....###..
#....%........## #
###..@.......##
####.......#
#(.####### ..### .## #


You could see a centaur, a scorpion, a jelly and a centaur zombie.

Vanquished Creatures
  The ghost of zeroDi the Covert, a novice VSAs of Okawaru (Ossuary)
  Sigmund (D:6)
  An orc warrior (D:6)
  An ice beast (D:5)
  A phantom (D:5)
  A sky beast (D:6)
  A necrophage (D:3)
  An ogre (D:5)
  An elf zombie (Ossuary)
  A scorpion (D:7)
  A howler monkey (D:5)
  6 crimson imps (D:5)
  3 centaur zombies (Ossuary)
  2 human zombies (Ossuary)
  3 hounds
  2 orc priests
  An iron imp (D:5)
  An iguana (D:4)
  6 orc wizards
  6 worker ants
  4 big kobold zombies (Ossuary)
  A hound zombie (Ossuary)
  A hound skeleton (D:4)
  3 mummies (Ossuary)
  8 adders
  2 oozes
  A worm zombie (D:4)
  4 adder skeletons
  2 adder zombies (Ossuary)
  7 worms
  3 dart slugs
  3 giant geckos
  17 orcs
  5 ball pythons
  6 bats
  3 giant cockroaches
  6 goblins
  9 hobgoblins
  4 jackals (D:6)
  A quokka (D:5)
  4 giant newts
  3 gnoll zombies (Ossuary)
  2 goblin zombies (Ossuary)
  5 hobgoblin zombies (Ossuary)
  4 jackal zombies (Ossuary)
  13 kobolds
  6 kobold zombies (Ossuary)
  An orc zombie (D:4)
  2 quokka zombies (Ossuary)
  6 rats
  A rat zombie (Ossuary)
178 creatures vanquished.

Notes
Turn   | Place    | Note
--------------------------------------------------------------
     0 | D:1      | urechis the Vine Stalker Monk began the quest for the Orb.
     0 | D:1      | Reached XP level 1. HP: 11/11 MP: 2/2
   125 | D:1      | Reached XP level 2. HP: 16/16 MP: 3/3
   545 | D:1      | Reached XP level 3. HP: 19/19 MP: 4/4
   731 | D:2      | Reached skill level 5 in Unarmed Combat
  1216 | D:2      | Reached XP level 4. HP: 23/23 MP: 5/5
  1702 | D:2      | Found a basalt altar of Yredelemnul.
  1905 | D:3      | Reached skill level 6 in Unarmed Combat
  2061 | D:3      | Noticed a necrophage
  2075 | D:3      | Killed a necrophage
  2075 | D:3      | Reached XP level 5. HP: 18/27 MP: 4/6
  2240 | D:3      | Reached skill level 7 in Unarmed Combat
  2240 | D:3      | Gained mutation: You heal very quickly. [Vine Stalker growth]
  2240 | D:3      | Reached XP level 6. HP: 27/32 MP: 7/7
  2677 | D:4      | Found a sand-covered staircase.
  2690 | Ossuary  | Entered an ossuary
  2690 | Ossuary  | Noticed zeroDi's ghost (novice VSAs)
  2716 | Ossuary  | Killed zeroDi's ghost
  2716 | Ossuary  | Reached skill level 8 in Unarmed Combat
  2716 | Ossuary  | Reached XP level 7. HP: 9/35 MP: 3/8
  2955 | Ossuary  | Reached skill level 9 in Unarmed Combat
  3255 | D:4      | Gained mutation: You have razor-sharp teeth. [Vine Stalker growth]
  3255 | D:4      | Reached XP level 8. HP: 39/39 MP: 9/9
  3486 | D:4      | Reached skill level 10 in Unarmed Combat
  3551 | D:4      | Found a glowing silver altar of Zin.
  3851 | D:4      | Found a staircase to the Ecumenical Temple.
  3957 | D:5      | Entered Level 5 of the Dungeon
  4030 | D:5      | Found a shimmering altar of Xom.
  4372 | D:5      | Found a snail-covered altar of Cheibriados.
  4394 | D:5      | Found a burning altar of Makhleb.
  4999 | D:5      | Reached XP level 9. HP: 29/46 MP: 7/10
  5002 | D:5      | Reached skill level 5 in Fighting
  5301 | D:6      | Found a sacrificial altar of Ru.
  5726 | D:6      | Reached skill level 5 in Dodging
  6074 | D:6      | Noticed Sigmund
  6087 | D:6      | Killed Sigmund
  6159 | D:7      | Shot with an arrow by a centaur

Skill      XL: |  1  2  3  4  5  6  7  8  9 |
---------------+----------------------------+-----
Unarmed Combat | 5 6 7 8 9 10 | 10.0
Fighting       | 4 6 |  6.0
Dodging        | 4 5 |  5.4
Stealth        | |  2.4

Action                   |  1- 3 |  4- 6 |  7- 9 || total
-------------------------+-------+-------+-------++-------
Melee: Unarmed           |    95 |   142 |   396 ||   633
       Bite              |    21 |    48 |   156 ||   225
       Punch             |     4 |     8 |    30 ||    42
  Use: Potion            |       |       |    13 ||    13
       Scroll            |       |       |    10 ||    10
 Stab: Sleeping          |     7 |     6 |    13 ||    26
       Distracted        |       |     1 |       ||     1
       Invisible         |       |       |     1 ||     1
       Paralysed         |       |       |     1 ||     1
  Eat: Chunk             |       |     4 |     9 ||    13
       Fruit             |       |       |     2 ||     2
       Royal jelly       |       |       |     1 ||     1
Armor: Robe              |     9 |    12 |    41 ||    62
Dodge: Dodged            |    52 |    70 |   225 ||   347
